 Dungeon Crawl Stone Soup version 0.23.2-1-ga50397a (webtiles) character file.

Game seed: 9504107607938424534

536 schauveau the Slinger (level 7, -4/44 HPs)
             Began as a Halfling Hunter on May 2, 2019.
             Was an Initiate of Okawaru.
             Slain by Grinder (6 damage)
             ... on level 5 of the Dungeon.
             The game lasted 00:09:27 (4516 turns).

schauveau the Slinger (Halfling Hunter)             Turns: 4516, Time: 00:09:28

Health: -4/44      AC:  5    Str: 13    XL:     7   Next: 50%
Magic:  7/7        EV: 14    Int:  9    God:    Okawaru [......]
Gold:   230        SH:  0    Dex: 17    Spells: 6/6 levels left

rFire    . . .     SeeInvis .   b - +0 short sword (venom)
rCold    . . .     Gourm    .   (shield restricted)
rNeg     . . .     Faith    .   u - +0 leather armour {rPois}
rPois    +         Spirit   .   (no helmet)
rElec    .         Reflect  .   l - +1 cloak
rCorr    .         Harm     .   (no gloves)
MR       .....                  (no boots)
Stlth    +.........             (no amulet)
HPRegen  0.14/turn              t - ring of attention (curse)
MPRegen  0.10/turn              (no ring)

@: no status effects
A: small, mutation resistance 1
a: Renounce Religion


You were on level 5 of the Dungeon.
You worshipped Okawaru.
Okawaru was noncommittal.
You were not hungry.

You visited 1 branch of the dungeon, and saw 5 of its levels.

You collected 230 gold pieces.

Inventory:

Hand Weapons
 a - a +2 hunting sling
 b - a +0 short sword of venom (weapon)
 c - the +2 spear of Qazlal's Delight {freeze, MR+ Stlth+, unknown}
   (You found it on level 5 of the Dungeon)

   It has been specially enchanted to freeze those struck by it, causing extra
   injury to most foes and up to half again as much damage against particularly
   susceptible opponents.
   It can also slow down cold-blooded creatures.
   It affects your resistance to hostile enchantments.
   It makes you more stealthy.
 m - a +0 short sword
 q - a +0 hand axe of venom
Missiles
 d - 47 sling bullets
 e - 18 arrows
 i - 19 stones (quivered)
Armour
 l - a +1 cloak (worn)
 u - a +0 leather armour of poison resistance (worn)
Jewellery
 t - a cursed ring of attention (left hand)
Scrolls
 h - a scroll of fog
Potions
 g - a potion of degeneration {unknown}
 k - a potion of agility {unknown}
 r - a potion of brilliance
 s - 2 potions of ambrosia {unknown}
Comestibles
 f - 14 rations
 j - 3 chunks of flesh


   Skills:
 - Level 1.7 Fighting
 * Level 11.9 Slings
 - Level 2.1 Dodging
 - Level 1.1 Stealth


You had 6 spell levels left.
You didn't know any spells.
Your spell library was empty.

Dungeon Overview and Level Annotations

Branches:
Dungeon (5/15)
 Temple: D:4-7

Altars:
Fedhas
Okawaru
Uskayaw
Zin

Annotations:
D:5 Grinder


Innate Abilities, Weirdness & Mutations

You are small and have problems with some larger weapons.
You are somewhat resistant to further mutation.


Message History

Pain shoots through your body!
You closely miss Grinder. Grinder closely misses you.
You hit Grinder.
Grinder is lightly wounded.
Grinder hits you but does no damage.
You closely miss Grinder.
Grinder is lightly wounded.
Grinder hits you.
* * * LOW HITPOINT WARNING * * *
You writhe in agony.
* * * LOW HITPOINT WARNING * * *
You closely miss Grinder.
Grinder is lightly wounded.
Grinder barely misses you.
You barely miss Grinder.
Grinder is lightly wounded.
Grinder hits you!
* * * LOW HITPOINT WARNING * * *
You writhe in agony.
You die...

.........## #...# #...#
#...# #...# ##..# #.##
#5# #@# #.## ###.####..#
##+# ..........# ####
#..#
#...####..##+#..####..###
# #...........#)##..
#.................
#.................
####.############.


You could see Grinder.

Vanquished Creatures
  2 ogres (D:4)
  A hound (D:4)
  Jessica (D:3)
  Terence (D:1)
  An iguana (D:4)
  3 worker ants (D:4)
  9 adders
  2 oozes
  3 worms (D:2)
  4 dart slugs
  A leopard gecko (D:2)
  4 orcs
  3 ball pythons
  4 bats
  8 giant cockroaches
  8 goblins
  10 hobgoblins
  3 jackals (D:1)
  2 quokkas (D:3)
  2 frilled lizards (D:4)
  7 kobolds
  4 rats
83 creatures vanquished.

Notes
Turn   | Place    | Note
-------+----------+-------------------------------------------
     0 | D:1      | schauveau the Halfling Hunter began the quest for the Orb.
     0 | D:1      | Reached XP level 1. HP: 14/14 MP: 1/1
    54 | D:1      | Reached skill level 6 in Slings
   109 | D:1      | Reached XP level 2. HP: 19/19 MP: 2/2
   759 | D:1      | Reached skill level 7 in Slings
   759 | D:1      | Reached XP level 3. HP: 24/24 MP: 3/3
   920 | D:2      | Noticed Terence
  1332 | D:2      | Reached XP level 4. HP: 29/29 MP: 4/4
  1398 | D:2      | Reached skill level 8 in Slings
  1762 | D:1      | Killed Terence
  1762 | D:1      | Reached XP level 5. HP: 23/34 MP: 5/5
  2173 | D:3      | Reached skill level 9 in Slings
  2612 | D:3      | Noticed Jessica
  2621 | D:3      | Killed Jessica
  2651 | D:3      | Found a glowing silver altar of Zin.
  2657 | D:3      | Found a blossoming altar of Fedhas.
  2660 | D:3      | Found a hide-covered altar of Uskayaw.
  2830 | D:3      | Reached XP level 6. HP: 34/39 MP: 6/6
  3203 | D:4      | Noticed an ogre
  3211 | D:4      | Killed an ogre
  3211 | D:4      | Reached skill level 10 in Slings
  3354 | D:4      | Reached skill level 11 in Slings
  3354 | D:4      | Reached XP level 7. HP: 27/44 MP: 7/7
  3727 | D:4      | Found an iron altar of Okawaru.
  3740 | D:4      | Became a worshipper of Warmaster Okawaru
  4097 | D:2      | Found a faded altar of an unknown god.
  4341 | D:5      | Entered Level 5 of the Dungeon
  4463 | D:5      | Got a crude spear
  4497 | D:5      | Noticed Grinder
  4503 | D:5      | Paralysed by Grinder for 2 turns
  4516 | D:5      | HP: 2/44 [Grinder (7)]
  4516 | D:5      | Slain by Grinder

Skill      XL: |  1  2  3  4  5  6 |
---------------+-------------------+-----
Slings         | 6 7 8 9 11 | 11.9
Fighting       | |  1.7
Dodging        | |  2.1
Stealth        | |  1.1

Action                   |  1- 3 |  4- 6 |  7- 9 || total
-------------------------+-------+-------+-------++-------
Melee: Short sword       |    85 |    91 |    40 ||   216
       Hand axe          |       |    20 |       ||    20
 Fire: Hunting sling     |    22 |    64 |     5 ||    91
  Use: Potion            |     2 |       |       ||     2
       Scroll            |       |       |     5 ||     5
 Stab: Sleeping          |     1 |     5 |     2 ||     8
  Eat: Chunk             |     1 |     3 |     4 ||     8
       Ration            |       |     1 |       ||     1
Armor: Leather armour    |    12 |    27 |     9 ||    48
Dodge: Dodged            |    73 |   100 |    19 ||   192
